 Dungeon Crawl Stone Soup version 0.30-b1-2-g02819fbbbe (webtiles) character file.

Game seed: 643092013884561085

38 Alarkh the Vexing (level 3, 26/27 HPs)
             Began as a Demonspawn Hexslinger on July 9, 2023.
             Got out of the dungeon alive.
             The game lasted 00:01:21 (761 turns).

Alarkh the Vexing (Demonspawn Hexslinger)            Turns: 761, Time: 00:01:21

Health: 26/27      AC:  5    Str: 10    XL:     3   Next: 25%
Magic:  4/4        EV: 12    Int: 16    God:
Gold:   158        SH:  0    Dex: 13    Spells: 3/4 levels left

rFire   . . .        a - +1 sling
rCold   . . .        (no shield)
rNeg    . . .        c - +0 robe
rPois   .            i - +0 helmet
rElec   .            (no cloak)
rCorr   .            (no gloves)
SInv    .            (no boots)
Will    .....        (no amulet)
Stlth   +            (no ring)
HPRegen 0.24/turn    (no ring)
MPRegen 0.09/turn

%: no passive effects
@: no status effects
A: yellow scales 1, weakness stinger 1
a: no special abilities


You escaped.
You visited 1 branch of the dungeon, and saw 2 of its levels.

You collected 158 gold pieces.

Inventory:

Hand Weapons
 a - a +1 sling (weapon)
 d - a +2 mace of protection
Armour
 c - a +0 robe (worn)
 i - a +0 helmet (worn)
Magical Staves
 j - a staff of conjuration
Scrolls
 b - a scroll of poison
 e - a scroll of enchant weapon
 f - 2 scrolls of identify
 g - a scroll of immolation {unknown}
 h - a scroll of teleportation {unknown}


   Skills:
 + Level 2.0 Fighting
 * Level 3.0 Ranged Weapons
 - Level 1.7 Dodging
 - Level 1.0 Spellcasting
 - Level 3.0 Hexes


You had 3 spell levels left.
You knew the following spells:

 Your Spells              Type           Power      Damage    Failure   Level
a - Slow                  Hex            40%        N/A       7%          1

Your spell library contained the following spells:

 Spells                   Type           Power      Damage    Failure   Level
 Beastly Appendage        Tmut           0%         N/A       22%         1
 Wereblood                Tmut           0%         N/A       34%         2
 Inner Flame              Hex/Fire       5%         N/A       36%         3
 Portal Projectile        Hex/Tloc       10%        N/A       36%         3
 Spider Form              Tmut/Pois      0%         N/A       56%         3
 Cause Fear               Hex            5%         N/A       54%         4


Dungeon Overview and Level Annotations

Branches:
Dungeon (2/15)

Altars:


Innate Abilities, Weirdness & Mutations

You are partially covered in yellow scales. (AC +2)
You have a small tail.


Message History

The adder bites you but does no damage.
The ball python bites you but does no damage.
The ball python constricts you. The adder bites you.
You are poisoned.
The adder poisons you!
You escape the ball python's grasp.
The adder attacks as you move away! The adder bites you but does no damage.
You feel sick.
You shoot a sling bullet.
The sling bullet barely misses the adder.
The sling bullet hits the ball python.
The ball python is severely wounded.
You feel sick. The adder closely misses you.
You shoot a sling bullet.
The sling bullet hits the adder but does no damage.
The adder is moderately wounded.
You feel sick. The adder closely misses you. The adder barely misses you.
You shoot a sling bullet. The sling bullet hits the adder.
The adder is heavily wounded.
You feel sick. The adder bites you but does no damage.
You shoot a sling bullet. The sling bullet hits the adder.
You kill the adder!
You feel sick.
You are no longer poisoned.
The ball python bites you. The ball python closely misses you.
You shoot a sling bullet.
The sling bullet closely misses the ball python.
The ball python closely misses you. The ball python misses you.
The ball python bites you. The ball python barely misses you.
You shoot a sling bullet. The sling bullet hits the ball python.
You kill the ball python!
Your Fighting skill increases to level 2!
Your Ranged Weapons skill increases to level 3!
Found a scroll of identify.
There is a stone staircase leading up here.
You climb upwards.
There is a stone staircase leading down here.
HP restored.
There is a staircase leading out of the dungeon here.
Are you sure you want to leave the Dungeon?
This will make you lose the game!
You have escaped!

................##...............
............######...............
............##.................#.
................####....########.
.............#######....# #.
.........#...####......## ##
......#..#......###.≈≈.#
#######..#....#...#.≈≈.#
#..#....#.@.#....#
#.##.≈≈.#...#....#
#.##.≈≈.###......#
#.##......####...##
#......#######....#
##................#
##################


There were no monsters in sight!

Vanquished Creatures
  2 adders (D:2)
  A dart slug (D:1)
  3 ball pythons
  2 endoplasms
  A giant cockroach (D:1)
  4 hobgoblins
  2 quokkas
  A bat (D:1)
  2 frilled lizards
18 creatures vanquished.

Notes
Turn   | Place    | Note
-------+----------+-------------------------------------------
     0 | D:1      | Alarkh the Demonspawn Hexslinger began the quest for the
                  | Orb.
     0 | D:1      | Reached XP level 1. HP: 15/15 MP: 2/2
   146 | D:1      | Gained mutation: You have a small tail. [demonic ancestry]
   146 | D:1      | Reached XP level 2. HP: 21/21 MP: 3/3
   679 | D:2      | Gained mutation: You are partially covered in yellow
                  | scales. (AC +2) [demonic ancestry]
   679 | D:2      | Reached XP level 3. HP: 27/27 MP: 4/4
   761 | D:$      | Got out of the dungeon alive.

Illustrated notes

Levels and vault maps discovered:
D:1:      amcnicky_arrival_double_pillar, layout_rooms
D:2:      layout_rooms, st_stairs_14, minmay_misc_feat_doors

Skill      XL: |  1  2  3 |
---------------+----------+-----
Ranged Weapons | 2 3 |  3.0
Fighting       | 2 |  2.0
Dodging        | |  1.7
Spellcasting   | |  1.0
Hexes          | |  3.0

Action                     || total
---------------------------++-------
   Fire: Sling             ||    60
    Use: Scroll            ||     1
         Potion            ||     1
 Armour: Robe              ||    11
  Dodge: Dodged            ||    33
